| TOP OF THE 1ST |
|
Round Rock Express batting - Pitching for Toledo Mud Hens : RHP Wayne McAllister
|
|
Pitching: RHP Wayne McAllister
|
|
|
Batting: LHB Jody Hudson
|
0-0: Ball 1-0: Foul Ball, location: 2F 1-1: Ball 2-1: Foul Ball, location: 2F 2-2: Ball 3-2: Foul Ball, location: 2F 3-2: Foul Ball, location: 2F 3-2: Foul Ball, location: 2F 3-2: Base on Balls
|
|
Batting: RHB Trevor Mock
|
0-0: Ball Jody Hudson is caught stealing 2nd base 2-4 1-0: Ball 2-0: Called Strike 2-1: Foul Ball, location: 2F 2-2: SINGLE (Groundball, 56, EV 96.2 MPH)
|
|
Batting: LHB Josh Stuck
|
0-0: Ball 1-0: Ball 2-0: Foul Ball, location: 2F 2-1: SINGLE (Line Drive, 8RS, EV 93.8 MPH) Trevor Mock to second Runner from 2nd tries for 3rd, SAFE, throw by CF made to third
|
|
Batting: LHB Zion Davidson
|
0-0: Called Strike 0-1: Ball 1-1: Called Strike 1-2: Ball 2-2: Strikes out swinging
|
|
Batting: RHB Ivan Colon
|
0-0: Ball 1-0: Ball 2-0: Called Strike 2-1: Ball 3-1: Called Strike 3-2: Ground out 5-3 (Groundball, 56S, EV 89.4 MPH)
|
| Top of the 1st over - 0 runs, 2 hits, 0 errors, 2 left on base; Round Rock 0 - Toledo 0 |
| BOTTOM OF THE 1ST |
|
Toledo Mud Hens batting - Pitching for Round Rock Express : RHP Eric Richards
|
|
Pitching: RHP Eric Richards
|
|
|
Batting: RHB Brandon O'Malley
|
0-0: Ball 1-0: Ball 2-0: Foul Ball, location: 2F 2-1: Called Strike 2-2: Foul Ball, location: 2F 2-2: SINGLE (Groundball, 4MD, EV 103.8 MPH)
|
|
Batting: RHB J.J. Basil
|
0-0: Foul Ball, location: 2F 0-1: Called Strike Brandon O'Malley steals 2nd base 0-2: Ball 1-2: SINGLE (Groundball, 4M, EV 78.8 MPH) (infield hit) Brandon O'Malley to third
|
|
Batting: LHB Bill Ford
|
0-0: Ball 1-0: Fly out, F8 (Flyball, 8RXD, EV 100.6 MPH) Runner from 3rd tags up, SCORES, no throw by CF
|
|
Batting: RHB Dan Becvar
|
0-0: Swinging Strike 0-1: Ball 1-1: DOUBLE (Line Drive, 7LS, EV 111.2 MPH) J.J. Basil to third
|
|
Batting: RHB Willis Morales
|
0-0: Called Strike 0-1: Called Strike 0-2: Ball 1-2: SINGLE (Groundball, 6D, EV 96.9 MPH) J.J. Basil scores Dan Becvar to third Runner from 3rd tries for Home, SAFE, throw by CF to home
|
|
Batting: RHB Joel Miller
|
0-0: Ball 1-0: Ball Willis Morales is caught stealing 2nd base 2-4 2-0: Called Strike 2-1: Ground out 6-3 (Groundball, 6, EV 95.0 MPH)
|
| Bottom of the 1st over - 3 runs, 4 hits, 0 errors, 0 left on base; Round Rock 0 - Toledo 3 |
| TOP OF THE 2ND |
|
Round Rock Express batting - Pitching for Toledo Mud Hens : RHP Wayne McAllister
|
|
Batting: RHB Martin Guerrero
|
0-0: Ball 1-0: Called Strike 1-1: Ball 2-1: Foul Ball, location: 2F 2-2: Ball 3-2: Base on Balls
|
|
Batting: RHB Jeremy Boerman
|
0-0: Ball 1-0: Ball 2-0: Called Strike 2-1: Foul Ball, location: 2F 2-2: Foul Ball, location: 2F 2-2: Fly out, F9 (Flyball, 9D, EV 95.0 MPH) Runner from 1st tags up, SAFE at 2nd
|
|
Batting: RHB Danny Heyer
|
0-0: Called Strike 0-1: Ball 1-1: Swinging Strike 1-2: Ground out 6-3 (Groundball, 6, EV 85.0 MPH)
|
|
Batting: RHB Luis Arce
|
0-0: Ball 1-0: Ball 2-0: Ball 3-0: Called Strike 3-1: Base on Balls
|
|
Batting: LHB Jody Hudson
|
0-0: DOUBLE (Line Drive, 78M, EV 93.1 MPH) Martin Guerrero scores Luis Arce to third
|
|
Batting: RHB Trevor Mock
|
0-0: Ball 1-0: Ball 2-0: Called Strike 2-1: Swinging Strike 2-2: Foul Ball, location: 2F 2-2: Foul Ball, location: 2F 2-2: Ball 3-2: Strikes out swinging
|
| Top of the 2nd over - 1 run, 1 hit, 0 errors, 2 left on base; Round Rock 1 - Toledo 3 |
| BOTTOM OF THE 2ND |
|
Toledo Mud Hens batting - Pitching for Round Rock Express : RHP Eric Richards
|
|
Batting: RHB Keith Hoffman
|
0-0: Ball 1-0: Foul Ball, location: 2F 1-1: Ball 2-1: Foul Ball, location: 2F 2-2: Foul Ball, location: 2F 2-2: Ground out 5-3 (Groundball, 56, EV 110.6 MPH)
|
|
Batting: RHB Aaron Cusick
|
0-0: Swinging Strike 0-1: Fly out, F9 (Flyball, 89M, EV 91.9 MPH)
|
|
Batting: SHB Chris Wagler
|
0-0: Foul Ball, location: 2F 0-1: Ball 1-1: Ball 2-1: Foul Ball, location: 2F 2-2: Strikes out looking
|
| Bottom of the 2nd over - 0 runs, 0 hits, 0 errors, 0 left on base; Round Rock 1 - Toledo 3 |
| TOP OF THE 3RD |
|
Round Rock Express batting - Pitching for Toledo Mud Hens : RHP Wayne McAllister
|
|
Batting: LHB Josh Stuck
|
0-0: Ball 1-0: Ball 2-0: Ball 3-0: Called Strike 3-1: Base on Balls
|
|
Batting: LHB Zion Davidson
|
0-0: Called Strike Josh Stuck is caught stealing 2nd base 2-6 0-1: Ball 1-1: Swinging Strike 1-2: Ground out 4-3 (Groundball, 4, EV 105.6 MPH)
|
|
Batting: RHB Ivan Colon
|
0-0: Ball 1-0: Ball 2-0: Called Strike 2-1: Ball 3-1: Called Strike 3-2: Fly out, F9 (Flyball, 9D, EV 100.6 MPH)
|
| Top of the 3rd over - 0 runs, 0 hits, 0 errors, 0 left on base; Round Rock 1 - Toledo 3 |
| BOTTOM OF THE 3RD |
|
Toledo Mud Hens batting - Pitching for Round Rock Express : RHP Eric Richards
|
|
Batting: RHB Brandon O'Malley
|
0-0: Swinging Strike 0-1: Ball 1-1: Fly out, F7 (Line Drive, 7, EV 85.0 MPH)
|
|
Batting: RHB J.J. Basil
|
0-0: Called Strike 0-1: Called Strike 0-2: Ball 1-2: Ball 2-2: Foul Ball, location: 2F 2-2: Fly out, F4 (Popup, 4, EV 63.8 MPH)
|
|
Batting: LHB Bill Ford
|
0-0: Ground out 4-3 (Groundball, 4, EV 90.6 MPH)
|
| Bottom of the 3rd over - 0 runs, 0 hits, 0 errors, 0 left on base; Round Rock 1 - Toledo 3 |
| TOP OF THE 4TH |
|
Round Rock Express batting - Pitching for Toledo Mud Hens : RHP Wayne McAllister
|
|
Batting: RHB Martin Guerrero
|
0-0: Ball 1-0: Ball 2-0: Swinging Strike 2-1: Ball 3-1: Fly out, F7 (Flyball, 7D, EV 103.1 MPH)
|
|
Batting: RHB Jeremy Boerman
|
0-0: Swinging Strike 0-1: Swinging Strike 0-2: Ball 1-2: Ground out 4-3 (Groundball, 4, EV 85.6 MPH)
|
|
Batting: RHB Danny Heyer
|
0-0: Ball 1-0: Ball 2-0: Ball 3-0: Base on Balls
|
|
Batting: RHB Luis Arce
|
0-0: Fielders Choice at 2nd, 6-4 (Groundball, 56, EV 78.1 MPH)
|
| Top of the 4th over - 0 runs, 0 hits, 0 errors, 1 left on base; Round Rock 1 - Toledo 3 |
| BOTTOM OF THE 4TH |
|
Toledo Mud Hens batting - Pitching for Round Rock Express : RHP Eric Richards
|
|
Batting: RHB Dan Becvar
|
0-0: SINGLE (Groundball, 3D, EV 103.8 MPH)
|
|
Batting: RHB Willis Morales
|
0-0: Ball 1-0: Foul Ball, location: 2F 1-1: Ball 2-1: Grounds out, U3 (Groundball, 3L, EV 106.9 MPH)
|
|
Batting: RHB Joel Miller
|
0-0: Ball 1-0: Foul Ball, location: 2F 1-1: Foul Ball, location: 2F 1-2: SINGLE (Line Drive, 8LS, EV 108.8 MPH) Dan Becvar to third Runner from 3rd tries for Home, SAFE, throw by CF to home
|
|
Batting: RHB Keith Hoffman
|
0-0: Ball 1-0: Ball 2-0: Called Strike 2-1: Swinging Strike 2-2: Ball 3-2: Grounds into double play, 6-4-3 (Groundball, 6, EV 104.4 MPH)
|
| Bottom of the 4th over - 1 run, 2 hits, 0 errors, 0 left on base; Round Rock 1 - Toledo 4 |
| TOP OF THE 5TH |
|
Round Rock Express batting - Pitching for Toledo Mud Hens : RHP Wayne McAllister
|
|
Batting: LHB Jody Hudson
|
0-0: Called Strike 0-1: Ball 1-1: Called Strike 1-2: Ball 2-2: Ball 3-2: SOLO HOME RUN (Flyball, 9LD, EV 93.1 MPH), Distance : 337 ft
|
|
Batting: RHB Trevor Mock
|
0-0: Ball 1-0: Foul Ball, location: 2F 1-1: Ball 2-1: Called Strike 2-2: Fly out, F7 (Flyball, 7S, EV 90.6 MPH)
|
|
Batting: LHB Josh Stuck
|
0-0: Ball 1-0: Ground out 4-3 (Groundball, 4, EV 89.4 MPH)
|
|
Batting: LHB Zion Davidson
|
0-0: Ball 1-0: Ball 2-0: Swinging Strike 2-1: Called Strike 2-2: Foul Ball, location: 2F 2-2: Foul Ball, location: 2F 2-2: Strikes out swinging
|
| Top of the 5th over - 1 run, 1 hit, 0 errors, 0 left on base; Round Rock 2 - Toledo 4 |
| BOTTOM OF THE 5TH |
|
Toledo Mud Hens batting - Pitching for Round Rock Express : RHP Eric Richards
|
|
Batting: RHB Aaron Cusick
|
0-0: Called Strike 0-1: Ball 1-1: Called Strike 1-2: Ball 2-2: Ball 3-2: Foul Ball, location: 2F 3-2: Foul Ball, location: 2F 3-2: Fly out, F8 (Flyball, 8LD, EV 103.1 MPH)
|
|
Batting: SHB Chris Wagler
|
0-0: Ball 1-0: Ball 2-0: Ball 3-0: Swinging Strike 3-1: Fly out, F8 (Flyball, 89M, EV 90.0 MPH)
|
|
Batting: RHB Brandon O'Malley
|
0-0: Ball 1-0: Foul Ball, location: 2F 1-1: Ball 2-1: Fly out, F9 (Flyball, 9, EV 86.2 MPH)
|
| Bottom of the 5th over - 0 runs, 0 hits, 0 errors, 0 left on base; Round Rock 2 - Toledo 4 |
| TOP OF THE 6TH |
|
Round Rock Express batting - Pitching for Toledo Mud Hens : RHP Wayne McAllister
|
|
Pitching: RHP Roberto Benavides
|
|
|
Batting: RHB Ivan Colon
|
0-0: Swinging Strike 0-1: Ball 1-1: Ball 2-1: Ball 3-1: Base on Balls
|
|
Batting: RHB Martin Guerrero
|
0-0: Ball 1-0: Ball 2-0: Ball 3-0: Base on Balls Ivan Colon to second
|
|
Batting: RHB Jeremy Boerman
|
0-0: Ball 1-0: Fly out, F9 (Flyball, 9S, EV 88.1 MPH)
|
|
Batting: RHB Danny Heyer
|
0-0: Ball 1-0: Swinging Strike 1-1: Fielders Choice at 2nd, 6-4 (Groundball, 56, EV 101.9 MPH) Ivan Colon to third
|
|
Batting: RHB Luis Arce
|
0-0: Ball 1-0: Called Strike 1-1: Swinging Strike 1-2: Ball 2-2: Ball 3-2: Base on Balls Danny Heyer to second
|
|
Batting: LHB Jody Hudson
|
0-0: Foul Ball, location: 2F 0-1: Called Strike 0-2: Strikes out swinging
|
| Top of the 6th over - 0 runs, 0 hits, 0 errors, 3 left on base; Round Rock 2 - Toledo 4 |
| BOTTOM OF THE 6TH |
|
Toledo Mud Hens batting - Pitching for Round Rock Express : RHP Eric Richards
|
|
Batting: RHB J.J. Basil
|
0-0: Ball 1-0: Swinging Strike 1-1: Ball 2-1: Swinging Strike 2-2: Strikes out swinging
|
|
Batting: LHB Bill Ford
|
0-0: Swinging Strike 0-1: Called Strike 0-2: Ball 1-2: Ball 2-2: Foul Ball, location: 2F 2-2: SINGLE (Line Drive, 6D, EV 96.9 MPH)
|
|
Batting: RHB Dan Becvar
|
0-0: Called Strike Bill Ford steals 2nd base 0-1: Ball 1-1: Foul Ball, location: 2F 1-2: Ball 2-2: Strikes out swinging
|
|
Batting: RHB Willis Morales
|
0-0: Ball 1-0: Called Strike 1-1: Swinging Strike 1-2: Foul Ball, location: 2F 1-2: Ball 2-2: Strikes out swinging
|
| Bottom of the 6th over - 0 runs, 1 hit, 0 errors, 1 left on base; Round Rock 2 - Toledo 4 |
| TOP OF THE 7TH |
|
Round Rock Express batting - Pitching for Toledo Mud Hens : RHP Roberto Benavides
|
|
Batting: RHB Trevor Mock
|
0-0: Ball 1-0: Foul Ball, location: 2F 1-1: SINGLE (Line Drive, 8LS, EV 87.5 MPH)
|
|
Batting: LHB Josh Stuck
|
0-0: Swinging Strike 0-1: Foul Ball, location: 2F 0-2: Foul Ball, location: 2F 0-2: Ball 1-2: Ball 2-2: Ball 3-2: Fly out, F9 (Flyball, 89M, EV 90.6 MPH)
|
|
Batting: LHB Zion Davidson
|
0-0: Foul Ball, location: 2F 0-1: Ball 1-1: Called Strike 1-2: Ball 2-2: Ball 3-2: Strikes out swinging Trevor Mock is caught stealing 2nd base 2-6 Batter strikes out.
|
| Top of the 7th over - 0 runs, 1 hit, 0 errors, 0 left on base; Round Rock 2 - Toledo 4 |
| BOTTOM OF THE 7TH |
|
Toledo Mud Hens batting - Pitching for Round Rock Express : RHP Eric Richards
|
|
Batting: RHB Joel Miller
|
0-0: Ball 1-0: Ground out 6-3 (Groundball, 6, EV 108.1 MPH)
|
|
Batting: RHB Keith Hoffman
|
0-0: Ball 1-0: Swinging Strike 1-1: Ball 2-1: Swinging Strike 2-2: Foul Ball, location: 2F 2-2: Ball 3-2: Base on Balls
|
|
Pitching: LHP Jaden Asante
|
|
|
Batting: RHB Aaron Cusick
|
0-0: Called Strike 0-1: Ball 1-1: Foul Ball, location: 2F 1-2: Strikes out swinging
|
|
Batting: SHB Chris Wagler
|
0-0: Called Strike 0-1: Foul Ball, location: 2F 0-2: Ball 1-2: Ball 2-2: Foul Ball, location: 2F 2-2: Strikes out looking
|
| Bottom of the 7th over - 0 runs, 0 hits, 0 errors, 1 left on base; Round Rock 2 - Toledo 4 |
| TOP OF THE 8TH |
|
Round Rock Express batting - Pitching for Toledo Mud Hens : RHP Roberto Benavides
|
|
Pitching: RHP Chris Kimura
|
|
|
Batting: RHB Ivan Colon
|
0-0: Called Strike 0-1: Ball 1-1: Ball 2-1: Ball 3-1: Swinging Strike 3-2: Base on Balls
|
|
Batting: RHB Martin Guerrero
|
0-0: Called Strike 0-1: Ball 1-1: Ball 2-1: Ball 3-1: Base on Balls Ivan Colon to second
|
|
Batting: RHB Jeremy Boerman
|
0-0: Ball 1-0: Swinging Strike 1-1: Ball 2-1: Hit by Pitch Ivan Colon to third Martin Guerrero to second
|
|
Batting: RHB Danny Heyer
|
0-0: Foul Ball, location: 2F 0-1: Ball 1-1: Called Strike 1-2: Ball 2-2: Strikes out swinging
|
|
Batting: RHB Luis Arce
|
0-0: Swinging Strike 0-1: Ball 1-1: Ball 2-1: Ball 3-1: Base on Balls Ivan Colon scores Martin Guerrero to third Jeremy Boerman to second
|
|
Batting: LHB Jody Hudson
|
0-0: Called Strike 0-1: Foul Ball, location: 2F 0-2: Ball 1-2: Foul Ball, location: 2F 1-2: Fly out, F5 (Popup, 25F, EV 84.4 MPH)
|
|
Pitching: RHP Martin Murillo
|
|
|
Batting: RHB Trevor Mock
|
0-0: Fly out, F8 (Flyball, 78M, EV 90.0 MPH)
|
| Top of the 8th over - 1 run, 0 hits, 0 errors, 3 left on base; Round Rock 3 - Toledo 4 |
| BOTTOM OF THE 8TH |
|
Toledo Mud Hens batting - Pitching for Round Rock Express : LHP Jaden Asante
|
|
Batting: RHB Brandon O'Malley
|
0-0: Ball 1-0: Foul Ball, location: 2F 1-1: SINGLE (Groundball, 6MS, EV 61.2 MPH) (infield hit)
|
|
Batting: RHB J.J. Basil
|
0-0: Sac Bunt to 3S - play at first, batter OUT! 3-4 Brandon O'Malley to second
|
|
Batting: LHB Bill Ford
|
0-0: Ball 1-0: Ground out 6-3 (Groundball, 6, EV 111.9 MPH)
|
|
Batting: RHB Dan Becvar
|
0-0: Ball 1-0: Fly out, F8 (Flyball, 89D, EV 88.8 MPH)
|
| Bottom of the 8th over - 0 runs, 1 hit, 0 errors, 1 left on base; Round Rock 3 - Toledo 4 |
| TOP OF THE 9TH |
|
Round Rock Express batting - Pitching for Toledo Mud Hens : RHP Martin Murillo
|
|
Now at SS: Scott Bartholomew
|
|
|
Batting: LHB Josh Stuck
|
0-0: Foul Ball, location: 2F 0-1: Foul Ball, location: 2F 0-2: Foul Ball, location: 2F 0-2: Foul Ball, location: 2F 0-2: Ball 1-2: Ball 2-2: Ball 3-2: SINGLE (Groundball, 34D, EV 100.6 MPH)
|
|
Batting: LHB Zion Davidson
|
0-0: Called Strike 0-1: Ball 1-1: Called Strike 1-2: Fly out, F8 (Line Drive, 8RD, EV 88.8 MPH) Runner from 1st tags up, SAFE at 2nd
|
|
Batting: RHB Ivan Colon
|
0-0: Called Strike 0-1: Foul Ball, location: 2F 0-2: Foul Ball, location: 2F 0-2: Ball 1-2: Fly out, F8 (Flyball, 8RXD, EV 101.2 MPH) Runner from 2nd tags up, SAFE at 3rd, no throw by CF
|
|
Batting: RHB Martin Guerrero
|
0-0: Ball 1-0: Ball 2-0: Called Strike 2-1: Ball 3-1: Base on Balls
|
|
Batting: RHB Jeremy Boerman
|
0-0: Ball 1-0: Ground out 3-1 (Groundball, 3D, EV 78.8 MPH)
|
| Top of the 9th over - 0 runs, 1 hit, 0 errors, 2 left on base; Round Rock 3 - Toledo 4 |
|